 Dungeon Crawl Stone Soup version 0.23-a0-714-g00c90a0c22 (webtiles) character file.

201 Roran the Changer (level 5, -1/44 HPs)
             Began as a Naga Transmuter on Jan 16, 2019.
             Slain by Duvessa
             ... wielding a +0 rapier
              (12 damage)
             ... on level 4 of the Dungeon.
             The game lasted 00:15:52 (6136 turns).

Roran the Changer (Naga Transmuter)                 Turns: 6136, Time: 00:15:53

Health: -1/44      AC:  2    Str: 14    XL:     5   Next: 79%
Magic:  6/8        EV: 15    Int: 13    God:
Gold:   222        SH:  0    Dex: 11    Spells: 2/8 levels left

rFire    . . .     SeeInvis +     - Unarmed
rCold    . . .     Gourm    .   (no shield)
rNeg     + . .     Faith    .   b - +0 robe
rPois    +         Spirit   .   (no helmet)
rElec    .         Reflect  .   (no cloak)
rCorr    .         Harm     .   (no gloves)
MR       .....                  (no barding)
Stlth    ++........             (no amulet)
HPRegen  0.14/turn              g - +5 ring of evasion
MPRegen  0.11/turn              h - ring of positive energy

@: very slow
A: large, see invisible, deformed body, poison resistance, slowness 2, slow
metabolism 1, spit poison 1, AC +1
a: Spit Poison


You were on level 4 of the Dungeon.
You were not hungry.

You visited 1 branch of the dungeon, and saw 4 of its levels.

You collected 222 gold pieces.

Inventory:

Missiles
 a - 75 arrows
Armour
 b - a +0 robe (worn)
 e - a +0 ring mail of fire resistance
Jewellery
 g - a +5 ring of evasion (left hand)
 h - a ring of positive energy (right hand)
Wands
 k - a wand of paralysis (6)
Scrolls
 c - 3 scrolls of teleportation
 f - a scroll of remove curse
 j - a scroll of identify
Potions
 i - a potion of heal wounds
Comestibles
 d - a ration


   Skills:
 - Level 1.0 Fighting
 - Level 1.5 Dodging
 - Level 3.3 Stealth
 - Level 3.0 Unarmed Combat
 - Level 2.0 Spellcasting
 * Level 5.3 Transmutations


You had 2 spell levels left.
You knew the following spells:

 Your Spells              Type           Power        Failure   Level  Hunger
a - Beastly Appendage     Tmut           ###...       2%          1    ##.....
b - Sticks to Snakes      Tmut           ###.....     4%          2    ###....
c - Spider Form           Tmut/Pois      #.........   26%         3    ####...

Your spell library contained the following spells:

 Spells                   Type           Power        Failure   Level  Hunger
 Blade Hands              Tmut           ###.......   61%         5    ######.
 Ice Form                 Ice/Tmut       #.......     63%         4    #####..


Dungeon Overview and Level Annotations

Branches:
Dungeon (4/15)
 Temple: D:4-7

Altars:
Cheibriados

Shops:
D:4 *

Annotations:
D:4 Dowan, Duvessa


Innate Abilities, Weirdness & Mutations

You cannot wear boots.
Your serpentine skin is tough. (AC +1)
You have supernaturally acute eyesight. (SInv)
Armour fits poorly on your strangely shaped body.
Your system is resistant to poisons. (rPois)
You cover ground very slowly.
You have a slow metabolism.
You can spit poison.


Message History

Dowan gestures at you while chanting. You resist with some effort.
Duvessa hits you with a +0 rapier.
You closely miss Dowan.
Dowan is lightly wounded.
Dowan looks more healthy.
Dowan casts a spell.
Dowan blinks!
Duvessa hits you with a +0 rapier!
You bite Duvessa!
Duvessa looks as sick as possible!
Duvessa is moderately wounded.
You hit Duvessa but do no damage.
Duvessa looks as sick as possible!
Duvessa is moderately wounded.
Duvessa hits you with a +0 rapier. Dowan casts a spell at you.
The puff of flame hits you!
* * * LOW HITPOINT WARNING * * *
You hit Duvessa but do no damage.
Duvessa looks as sick as possible!
Duvessa is moderately wounded.
Your transformation has ended.
Your +0 robe unmelds from your body.
Duvessa hits you with a +0 rapier!
You die...

.......# #..... .......e..
.......# #........# ........e##
.......# #........# .........a..
...(...# #.......# .............
.......# #.......##.......#.....
.......####......................
.................................
.................e...............
..............!.@................
....##...##......................
.........##......................
###...8####.......###.e..........
#................... .. ........
#..........#...#....# . .......
......∩....#...#....#
...........#...#.....


You could see Duvessa and Dowan.

Vanquished Creatures
  An iguana (D:4)
  4 gnolls
  4 adders (D:3)
  An ooze (D:3)
  An adder skeleton (D:3)
  3 worms
  2 dart slugs
  3 leopard geckos
  An orc (D:3)
  3 giant cockroaches (D:3)
  6 goblins
  7 hobgoblins
  3 jackals (D:1)
  4 kobolds
  4 quokkas (D:2)
  6 bats
  4 frilled lizards
  9 rats
66 creatures vanquished.

Vanquished Creatures (collateral kills)
  A gnoll (D:3)
  An adder (D:2)
  A dart slug (D:2)
  A ball python (D:2)
  A kobold (D:2)
  A rat (D:2)
6 creatures vanquished.

Grand Total: 72 creatures vanquished

Notes
Turn   | Place    | Note
-------+----------+-------------------------------------------
     0 | D:1      | Roran the Naga Transmuter began the quest for the Orb.
     0 | D:1      | Reached XP level 1. HP: 18/18 MP: 3/3
    64 | D:1      | Reached skill level 1 in Stealth
    65 | D:1      | Reached XP level 2. HP: 25/25 MP: 3/5
   371 | D:1      | Reached skill level 3 in Transmutations
   596 | D:1      | Learned a level 2 spell: Sticks to Snakes
   654 | D:2      | Reached XP level 3. HP: 27/31 MP: 6/6
  1170 | D:2      | Found a snail-covered altar of Cheibriados.
  1479 | D:2      | Learned a level 3 spell: Spider Form
  1560 | D:2      | Reached XP level 4. HP: 38/38 MP: 5/7
  1906 | D:3      | Reached skill level 4 in Transmutations
  4718 | D:3      | Reached XP level 5. HP: 44/44 MP: 4/8
  5635 | D:3      | Reached skill level 5 in Transmutations
  5834 | D:4      | Noticed Duvessa
  5834 | D:4      | Noticed Dowan
  6112 | D:4      | Found Agumul Toul's General Store.
  6136 | D:4      | Slain by Duvessa

Vault maps used:
D:1:      wander_arrival_desolate, minmay_crystal_water, due_unseen_surprise
D:2:      wad_woods_tower, kennysheep_slug_shrine, wad_floor_pattern_1,
          minmay_misc_feat_four_crosses
D:3:      first_ration
D:4:      serial_shops, shop_statue, uniq_duvessa

Skill      XL: |  1  2  3  4  5 |
---------------+----------------+-----
Stealth        | 1 2 3 |  3.3
Transmutations | 3 4 5 |  5.3
Fighting       | |  1.0
Dodging        | |  1.5
Unarmed Combat | |  3.0
Spellcasting   | |  2.0

Action                   |  1- 3 |  4- 6 || total
-------------------------+-------+-------++-------
Melee: Unarmed           |    95 |    93 ||   188
       Headbutt          |     5 |     3 ||     8
 Cast: Beastly Appendage |    11 |     3 ||    14
       Sticks to Snakes  |     4 |     3 ||     7
       Spider Form       |       |    15 ||    15
 Abil: Spit Poison       |    27 |    10 ||    37
  Use: Scroll            |     5 |     2 ||     7
       Potion            |     2 |     2 ||     4
 Stab: Sleeping          |       |     3 ||     3
  Eat: Chunk             |     3 |     6 ||     9
       Ration            |       |     3 ||     3
Armor: Robe              |    16 |     2 ||    18
       Ring mail         |     2 |       ||     2
       Skin              |       |     4 ||     4
Dodge: Dodged            |    65 |    81 ||   146

Table legend:
 A = Non-vault XP
 B = Vault XP
 C = Vault XP percentage of total XP
 D = Non-vault monster count
 E = Vault monster count
 F = Vault count percentage of total count
                 A         B        C        D         E       F
            +---------+---------+-------+---------+---------+-------
      Total |     247 |      41 |  14.2 |      65 |       7 |   9.7
            +---------+---------+-------+---------+---------+-------
        D:1 |      33 |       0 |   0.0 |      20 |       0 |   0.0
        D:2 |      44 |      41 |  48.2 |      18 |       7 |  28.0
        D:3 |     135 |       0 |   0.0 |      26 |       0 |   0.0
        D:4 |      35 |       0 |   0.0 |       1 |       0 |   0.0
            +---------+---------+-------+---------+---------+-------
